AoeStats
← Hypno

African Clearing

505795996Analyzed
4v4 RM · 21d ago on Sep 11, 2026· 50m 11s· 8 players
Game mode
Random Map
Map size
Large (8 player)
Population
200
Speed
Normal
Resources
Standard
Victory
Conquest
Starting age
Dark Age
Ending age
Imperial Age
RankedLock teamsTeams togetherTeam positionsShared explorationLock speedFull tech treeHidden civsTurbo modeCheats
Victory
Defeat
🇲🇽 Mongols · Mexico
1575
+11
🇵🇪 Mapuche · Peru
1566
+12
🇲🇽 Chinese · Mexico
1444
+16
🇲🇽 Persians · Mexico
1367
+19
🇺🇸 Spanish · United States
1524
-17
🇺🇸 Dravidians · United States
1489
-16
🇺🇸 Persians · United States
1472
-15
🇺🇸 Berbers · United States
1350
-10
Thundernips, The Ultimate Gigolo
11:26 Feudal Age
12:44 Loom
15:26 Castle Age
15:52 Wheelbarrow
17:16 Town Watch
21:57 Double-Bit Axe
23:54 Husbandry
25:17 Bloodlines
25:10 Padded Archer Armor
26:59 Leather Archer Armor
26:50 Fletching
27:50 Ballistics
28:10 Bodkin Arrow
34:59 Imperial Age
32:45 Gold Mining
32:59 Horse Collar
33:44 Heavy Plow
34:46 Masonry
35:56 Guilds
36:28 Ring Archer Armor
37:20 Chemistry
36:42 Bracer
37:26 Herbal Medicine
36:52 Elite Conquistador
38:13 Conscription
40:25 Supremacy
40:41 Hoardings
46:16 Sappers
shottyg
4:49 Loom
13:38 Feudal Age
19:36 Castle Age
19:10 Double-Bit Axe
29:22 Fletching
36:07 Bodkin Arrow
Pickel727
6:21 Loom
13:37 Feudal Age
18:02 Castle Age
16:36 Double-Bit Axe
18:24 Scale Barding Armor
18:30 Horse Collar
27:27 Wheelbarrow
30:23 Husbandry
30:37 Forging
30:48 Husbandry
45:27 Iron Casting
46:37 Squires
46:18 Pikeman
Lord Aubergine
12:57 Feudal Age
11:56 Loom
16:38 Castle Age
14:38 Double-Bit Axe
15:47 Fletching
16:58 Town Watch
29:01 Padded Archer Armor
29:05 Bodkin Arrow
30:08 Padded Archer Armor
32:09 Horse Collar
32:45 Bow Saw
37:06 Wheelbarrow
37:30 Ballistics
42:16 Imperial Age
46:09 Imperial Age
44:48 Hand Cart
45:51 Hand Cart
47:58 Bracer
49:09 Leather Archer Armor
The_ Rock
3:06 Loom
12:33 Feudal Age
16:23 Castle Age
15:06 Double-Bit Axe
18:01 Bow Saw
21:36 Fletching
23:34 Bodkin Arrow
25:49 Horse Collar
26:23 Padded Archer Armor
29:34 Leather Archer Armor
29:13 Gold Mining
30:07 Wheelbarrow
32:41 Town Watch
35:05 Thumb Ring
39:04 Imperial Age
38:13 Ballistics
39:53 Bracer
40:24 Conscription
41:51 Chemistry
41:19 Heavy Rocket Cart
44:39 Gold Shaft Mining
43:54 Stone Mining
44:27 Elite Chu Ko Nu
46:49 Ring Archer Armor
48:06 Arrowslits
49:32 Hand Cart
Hypno
9:18 Loom
11:11 Feudal Age
18:22 Castle Age
18:40 Forging
23:25 Bloodlines
24:50 Double-Bit Axe
24:55 Gold Mining
27:24 Horse Collar
27:54 Bow Saw
30:43 Scale Barding Armor
33:26 Iron Casting
38:49 Imperial Age
37:03 Chain Barding Armor
36:46 Fletching
38:23 Ballistics
39:15 Bodkin Arrow
38:53 Heavy Cavalry Archer
40:21 Conscription
40:22 Bracer
41:12 Thumb Ring
42:42 Chemistry
43:51 Parthian Tactics
44:27 Padded Archer Armor
HD_JAGUAR
8:31 Loom
12:28 Feudal Age
13:43 Double-Bit Axe
21:36 Castle Age
20:59 Scale Barding Armor
20:57 Horse Collar
21:51 Bloodlines
22:35 Wheelbarrow
25:45 Fletching
28:25 Bow Saw
30:38 Chain Barding Armor
31:52 Husbandry
34:04 Gold Mining
34:04 Stone Mining
34:57 Forging
35:31 Bodkin Arrow
37:26 Iron Casting
38:01 Hand Cart
38:35 Town Watch
39:01 Heavy Plow
39:51 Town Patrol
44:41 Imperial Age
44:19 Heavy Camel Rider
46:06 Blast Furnace
45:42 Plate Barding Armor
46:31 Two-Man Saw
46:33 Conscription
46:56 Citadels
47:48 Crop Rotation
46:40 Cavalier
49:08 Coinage
48:35 Savar
50:19 Gold Shaft Mining
50:20 Stone Shaft Mining
JAKU
10:00 Loom
12:13 Feudal Age
16:58 Castle Age
15:46 Double-Bit Axe
19:38 Town Watch
23:23 Padded Archer Armor
24:34 Fletching
26:22 Stone Mining
27:30 Leather Archer Armor
31:13 Bow Saw
32:12 Gold Mining
34:06 Bodkin Arrow
35:02 Horse Collar
36:02 Heavy Plow
39:54 Wheelbarrow
41:25 Town Patrol
44:38 Ballistics
46:00 Gold Shaft Mining
46:07 Hand Cart
51:19 Imperial Age
Connection lost

Rejoining the realm…

Still unreachable

The connection could not be restored.

Session expired

The server has moved on; the page needs a fresh start.